 Dungeon Crawl Stone Soup version 0.29.1-2-gbd0b4ee654 (webtiles) character file.

Game seed: 3767532945512109869

136 safid the Shooter (level 4, -14/41 HPs)
             Began as a Minotaur Hunter on Oct 31, 2022.
             Killed from afar by Ijyb (19 damage)
             ... with a bolt of acid
             ... while paralysed by Grinder
             ... on level 3 of the Dungeon.
             The game lasted 00:02:32 (2325 turns).

safid the Shooter (Minotaur Hunter)                 Turns: 2325, Time: 00:02:32

Health: -14/41     AC:  3    Str: 16    XL:     4   Next: 98%
Magic:  3/3        EV:  2    Int:  6    God:
Gold:   158        SH:  0    Dex: 15    Spells: 3/3 levels left

rFire   . . .      SeeInvis .   a - +0 shortbow
rCold   . . .      Faith    .   (shield currently unavailable)
rNeg    . . .      Spirit   .   c - +0 leather armour
rPois   .          Reflect  .   (helmet restricted)
rElec   .          Harm     .   (no cloak)
rCorr   .          Rampage  .   (no gloves)
Will    .....                   (no boots)
Stlth   +.........              (no amulet)
HPRegen 0.13/turn               (no ring)
MPRegen 0.08/turn               (no ring)

@: paralysed
A: horns 2, retaliatory headbutt
a: no special abilities


You were on level 3 of the Dungeon.
You visited 1 branch of the dungeon, and saw 3 of its levels.

You collected 158 gold pieces.

Inventory:

Hand Weapons
 a - a +0 shortbow (weapon)
Armour
 c - a +0 leather armour (worn)
Jewellery
 k - a +6 ring of intelligence
Scrolls
 b - a scroll of immolation
 f - a scroll of brand weapon {unknown}
 i - a scroll of poison {unknown}
 l - a scroll of teleportation {unknown}
 n - a scroll of identify {unknown}
Potions
 d - a potion of resistance {unknown}
 e - 2 potions of curing {unknown}
 g - a potion of brilliance {unknown}
 h - 2 potions of mutation {unknown}
 j - 2 potions of magic {unknown}
 m - a potion of cancellation {unknown}


   Skills:
 + Level 4.7 Fighting
 + Level 5.8 Ranged Weapons
 - Level 2.1 Dodging
 - Level 0.7 Stealth


You had 3 spell levels left.
You didn't know any spells.
Your spell library was empty.

Dungeon Overview and Level Annotations

Branches:
Dungeon (3/15)

Altars:

Shops:
D:1 (   D:2 *

Annotations:
D:3 Grinder, Ijyb


Innate Abilities, Weirdness & Mutations

You have a pair of horns on your head.
You reflexively headbutt those who attack you in melee.


Message History

No target in view!
No target in view!
You shoot an arrow. The arrow barely misses Grinder.
You shoot an arrow. The arrow hits Grinder.
Grinder is lightly wounded.
You shoot an arrow. The arrow hits Grinder.
Grinder is lightly wounded.
Ijyb the Twisted Goblin comes into view.
She is wielding a +0 club and carrying a wand of acid (15).
You shoot an arrow. The arrow barely misses Grinder.
You shoot an arrow. The arrow closely misses Grinder.
Grinder blinks!
Ijyb screams, "It's all mine!"
You shoot an arrow. The arrow closely misses Grinder.
Ijyb zaps a wand.
The bolt of acid hits you!!
You shoot an arrow. The arrow hits Grinder!
Grinder is moderately wounded.
Grinder hits you!
You writhe in agony.
* * * LOW HITPOINT WARNING * * *
You are too injured to fight recklessly!
You are too injured to fight recklessly!
You are too injured to fight recklessly!
Unknown command.
Fire: a) +0 shortbow
Press: ? - help, Q - select action Shift-Dir - straight line, f/p - Grinder
Aim: Grinder (moderately wounded, 60% to hit)
You shoot an arrow. The arrow barely misses Grinder.
Grinder hits you.
* * * LOW HITPOINT WARNING * * *
You writhe in agony.
* * * LOW HITPOINT WARNING * * *
Ijyb zaps a wand.
The bolt of acid misses you.
Fire: a) +0 shortbow
Press: ? - help, Q - select action Shift-Dir - straight line, f/p - Grinder
Aim: Grinder (moderately wounded, 60% to hit)
You shoot an arrow.
The arrow hits Grinder but does no damage.
Grinder is moderately wounded.
Grinder gestures at you.
You suddenly lose the ability to move!
Ijyb barely misses you.
Ijyb zaps a wand.
The bolt of acid hits you!!
You die...

#.# ### .......
...... .....
#...## #.... #...#
#.g.### #.@5..#
####### ##....#
......#
##...#########
#######
##.###......#
##.###.####.#
######...........#
........#.....#..#
..#...........#..#
#
....#...#........#


You could see Grinder and Ijyb.

Vanquished Creatures
  An orc wizard (D:2)
  A gnoll (D:1)
  4 adders
  A dart slug (D:1)
  2 orcs (D:2)
  6 ball pythons
  4 endoplasms
  3 giant cockroaches
  7 goblins
  4 hobgoblins
  7 kobolds
  6 quokkas
  2 bats
  5 frilled lizards
  8 rats
61 creatures vanquished.

Notes
Turn   | Place    | Note
-------+----------+-------------------------------------------
     0 | D:1      | safid the Minotaur Hunter began the quest for the Orb.
     0 | D:1      | Reached XP level 1. HP: 18/18 MP: 0/0
   177 | D:1      | Reached XP level 2. HP: 25/25 MP: 1/1
   439 | D:1      | Reached skill level 5 in Ranged Weapons
   439 | D:1      | Reached XP level 3. HP: 31/31 MP: 2/2
   676 | D:1      | Found Qytwac's Weapon Boutique.
  1131 | D:2      | Found Liekhlolo's Assorted Antiques.
  1407 | D:2      | Reached XP level 4. HP: 40/40 MP: 3/3
  2091 | D:3      | Found a faded altar of an unknown god.
  2313 | D:3      | Noticed Grinder
  2318 | D:3      | Noticed Ijyb
  2324 | D:3      | Paralysed by Grinder for 5 turns
  2325 | D:3      | Killed from afar by Ijyb

Illustrated notes

Levels and vault maps discovered:
D:1:      mrwooster_arrival_statue_2, layout_basic, serial_shops,
          nicolae_shop_bloodbath_and_beyond, minmay_pentomino_x2
D:2:      layout_basic, serial_shops, shop, minivault_24, minmay_unequal
D:3:      layout_loops_cross, fedhas_altar_4, nicolae_ecumenical_snake_handling,
          uniq_grinder, uniq_ijyb, uniq_natasha

Skill      XL: |  1  2  3 |
---------------+----------+-----
Fighting       | 3 4 |  4.7
Ranged Weapons | 5 |  5.8
Dodging        | |  2.1
Stealth        | |  0.7

Action                   |  1- 3 |  4- 6 || total
-------------------------+-------+-------++-------
 Fire: Shortbow          |   118 |    68 ||   186
Armor: Leather armour    |     7 |     8 ||    15
Dodge: Dodged            |    21 |    19 ||    40
